[Event "ICC tourney 2978 (40 10)"]
[Site "Internet Chess Club"]
[Date "2022.08.06"]
[Round "1"]
[White "HO, CARTER:corviknight"]
[Black "SHOLL, CRAIG H:craigsholl66"]
[Result "1-0"]
[ICCResult "Black resigns"]
[WhiteElo "2012"]
[BlackElo "1644"]
[Opening "Hungarian defense"]
[ECO "C50"]
[NIC "IG.03"]
[Time "11:01:11"]
[PlyCount "37"]
[TimeControl "2400+10"]

1. e4 e5 2. Nf3 Nc6 3. Bc4 Be7 4. O-O Nf6 5. d3 O-O 6. Nbd2 d5 7. exd5 Nxd5
8. Re1 Bf6 9. Ne4 Nb6 10. Bb3 Bg4 11. h3 Bh5 12. Be3 Re8 13. g4 Bg6 14. g5
Be7 15. Nh4 Bxe4 16. dxe4 Nd4 17. Bxd4 Qxd4 18. Qh5 Rf8 19. g6 {Black
resigns} 1-0

[Event "ICC tourney 2978 (40 10)"]
[Site "Internet Chess Club"]
[Date "2022.08.06"]
[Round "1"]
[White "SRIPADA, HAVISH:brilliantnessme"]
[Black "WEI, KEVIN:Kevinturtle"]
[Result "1-0"]
[ICCResult "Black resigns"]
[WhiteElo "1945"]
[BlackElo "1604"]
[Opening "Sicilian: dragon, Yugoslav attack, 10.O-O-O"]
[ECO "B78"]
[NIC "SI.18"]
[Time "11:01:04"]
[PlyCount "57"]
[TimeControl "2400+10"]

1. e4 c5 2. Nf3 d6 3. d4 cxd4 4. Nxd4 Nf6 5. Nc3 g6 6. Be3 Bg7 7. f3 O-O 8.
Qd2 Nc6 9. Bc4 Bd7 10. O-O-O Rc8 11. Bb3 Nxd4 12. Bxd4 b5 13. g4 a5 14. a3
b4 15. axb4 axb4 16. Na2 Ra8 17. Qxb4 Be6 18. Bxe6 fxe6 19. Kb1 Qd7 20. b3
Rfb8 21. Qc3 Rc8 22. Qb2 Qc7 23. h4 e5 24. Be3 Ra5 25. b4 Ra4 26. Qb3+ Qc4
27. Qxa4 Qe2 28. Qb3+ Kh8 29. Bc1 {Black resigns} 1-0

[Event "ICC tourney 2978 (40 10)"]
[Site "Internet Chess Club"]
[Date "2022.08.06"]
[Round "1"]
[White "LENDERMAN, ALEKSANDR:manest"]
[Black "HO, COOPER:arsenicblast"]
[Result "1-0"]
[ICCResult "Black resigns"]
[WhiteElo "2521"]
[BlackElo "1893"]
[Opening "QGD Slav defense: exchange variation"]
[ECO "D10"]
[NIC "SL.01"]
[Time "11:01:11"]
[PlyCount "59"]
[TimeControl "2400+10"]

1. d4 d5 2. c4 c6 3. cxd5 cxd5 4. Bf4 Nc6 5. e3 Nf6 6. Bb5 Bf5 7. Nc3 e6 8.
Rc1 Bd6 9. Bxc6+ bxc6 10. Nge2 O-O 11. O-O Bxf4 12. Nxf4 Qd6 13. Na4 Nd7 14.
Nc5 Rab8 15. Qd2 Nxc5 16. Rxc5 Rb5 17. Rxb5 cxb5 18. Rc1 b4 19. Rc5 Rb8 20.
Nd3 h6 21. h3 Qb6 22. Ne5 Rb7 23. Qc1 f6 24. Nc6 Qa6 25. Ra5 Qb6 26. Qc5
Qxc5 27. dxc5 b3 28. a3 Rc7 29. Nd4 Kf7 30. Nb5 {Black resigns} 1-0

[Event "ICC tourney 2978 (40 10)"]
[Site "Internet Chess Club"]
[Date "2022.08.06"]
[Round "1"]
[White "MARKOVIC, GORAN:Goran21"]
[Black "JIN, JERRY:MysteryHunter"]
[Result "1/2-1/2"]
[ICCResult "Game drawn by mutual agreement"]
[WhiteElo "1940"]
[BlackElo "1572"]
[Opening "English: four knights, 4.e3"]
[ECO "A28"]
[NIC "EO.06"]
[Time "11:01:14"]
[PlyCount "169"]
[TimeControl "2400+10"]

1. c4 e5 2. Nc3 Nf6 3. Nf3 Nc6 4. e3 Be7 5. d4 exd4 6. exd4 d5 7. cxd5 Nxd5
8. Bd3 O-O 9. h3 h6 10. O-O Be6 11. Re1 Re8 12. Bb1 Bf8 13. Qd3 g6 14. a3
Qd7 15. Qd1 Bg7 16. Ne2 Bf5 17. Ng3 Bxb1 18. Rxe8+ Rxe8 19. Rxb1 Nb6 20. Be3
Nc4 21. Qd3 Nb6 22. Rd1 Nd5 23. Qd2 h5 24. Bh6 Qd6 25. Bxg7 Kxg7 26. Qg5 Kh7
27. Rc1 Nf6 28. Rd1 Nd5 29. Rd2 f6 30. Qh4 Nf4 31. d5 g5 32. Nxg5+ fxg5 33.
Qxg5 Re1+ 34. Kh2 Ne7 35. Rd4 Neg6 36. h4 Re5 37. Nf5 Qf8 38. g4 hxg4 39. h5
Qxf5 40. hxg6+ Nxg6 41. Qxf5 Rxf5 42. Rxg4 Rxd5 43. Rc4 c6 44. Kg2 Ne5 45.
Re4 Kg6 46. f4 Nd3 47. Re7 Nxf4+ 48. Kf3 Nd3 49. Rxb7 Rb5 50. Rxa7 Nxb2 51.
Ra6 Rc5 52. Ke4 Kf7 53. a4 Rc4+ 54. Ke5 Nxa4 55. Kd6 c5 56. Ra5 Rd4+ 57. Ke5
Rb4 58. Kd5 Kf6 59. Ra8 Rd4+ 60. Kc6 Ke5 61. Re8+ Kf4 62. Ra8 Ke3 63. Kb5
Kd3 64. Rh8 Nc3+ 65. Kxc5 Ne4+ 66. Kc6 Kc4 67. Rh4 Rd6+ 68. Kc7 Re6 69. Kd7
Re5 70. Kc6 Kd4 71. Rh1 Rc5+ 72. Kb6 Rc2 73. Rd1+ Nd2 74. Kb5 Kd5 75. Kb4
Kd4 76. Kb5 Kc3 77. Rh1 Ne4 78. Kc6 Kd4+ 79. Kd7 Rg2 80. Ke6 Rg6+ 81. Kf7
Rf6+ 82. Ke7 Rf5 83. Rd1+ Ke5 84. Ra1 Nc5 85. Rd1
{Game drawn by mutual agreement}
1/2-1/2

[Event "ICC tourney 2978 (40 10)"]
[Site "Internet Chess Club"]
[Date "2022.08.06"]
[Round "1"]
[White "WANG, TED:tedwpnw"]
[Black "MAMMADOV, ZAUR:zaur94"]
[Result "0-1"]
[ICCResult "White resigns"]
[WhiteElo "1908"]
[BlackElo "2554"]
[Opening "French: exchange variation"]
[ECO "C01"]
[NIC "FR.01"]
[Time "11:01:10"]
[PlyCount "96"]
[TimeControl "2400+10"]

1. e4 e6 2. d4 d5 3. exd5 exd5 4. c4 Bb4+ 5. Nc3 Ne7 6. Nf3 O-O 7. Bd3 dxc4
8. Bxc4 Nbc6 9. a3 Bxc3+ 10. bxc3 Nd5 11. O-O Bg4 12. Qd3 Qd7 13. Bg5 Rae8
14. Rae1 h6 15. Bh4 Nf4 16. Qd1 Bh3 17. Bg3 Nxg2 18. Rxe8 Rxe8 19. Bb5 a6
20. Ne5 Rxe5 21. dxe5 Qxd1 22. Rxd1 axb5 23. Rb1 b6 24. Rxb5 Nd8 25. f4 Ne3
26. Kf2 Nd1+ 27. Kf3 Nxc3 28. Rb3 Na4 29. Rd3 Ne6 30. Rd1 h5 31. Rc1 Nac5
32. Ke3 Bf5 33. Rc3 Kf8 34. Be1 Ke8 35. h4 Kd7 36. Rc1 Kc6 37. Rc4 Kb5 38.
Rb4+ Ka6 39. Rc4 b5 40. Rb4 Nd3 41. Rb1 Ndxf4 42. Rd1 Ng2+ 43. Kd2 Nxe1 44.
Rxe1 Kb6 45. Kc3 c5 46. Rf1 g6 47. Rd1 Nd4 48. Rg1 Ne2+ {White resigns} 0-1

[Event "ICC tourney 2978 (40 10)"]
[Site "Internet Chess Club"]
[Date "2022.08.06"]
[Round "1"]
[White "CHINNI, RISHABH:alphachesplayer"]
[Black "FILIPOVICH, DAVID MICHAEL:dmfcan"]
[Result "1/2-1/2"]
[ICCResult "Game drawn by repetition"]
[WhiteElo "1694"]
[BlackElo "2050"]
[Opening "Caro-Kann: two knights, 3...Bg4"]
[ECO "B10"]
[NIC "CK.01"]
[Time "11:01:06"]
[PlyCount "57"]
[TimeControl "2400+10"]

1. e4 c6 2. Nf3 d5 3. Nc3 Bg4 4. h3 Bxf3 5. Qxf3 Nf6 6. d3 e6 7. Bd2 Nbd7 8.
g4 g6 9. Qg3 Bg7 10. f4 dxe4 11. dxe4 Nc5 12. Bg2 Qd4 13. Qf3 O-O-O 14.
O-O-O Nfxe4 15. Be3 Qb4 16. Rxd8+ Rxd8 17. a3 Nb3+ 18. cxb3 Qxb3 19. Qxe4
Bxc3 20. bxc3 Qxc3+ 21. Kb1 Qb3+ 22. Kc1 Qxa3+ 23. Kc2 Qa2+ 24. Kc3 Qa3+ 25.
Kc2 Qa2+ 26. Kc3 Qa3+ 27. Kc2 Qa2+ 28. Kc3 Qa3+ 29. Kc2
{Game drawn by repetition}
1/2-1/2

[Event "ICC tourney 2978 (40 10)"]
[Site "Internet Chess Club"]
[Date "2022.08.06"]
[Round "1"]
[White "LOCHAM, DIVJOT SINGH:winner08"]
[Black "RAMANATHAN, SURAJ:Suraj240704"]
[Result "0-1"]
[ICCResult "White resigns"]
[WhiteElo "1750"]
[BlackElo "2149"]
[Opening "Sicilian: Canal-Sokolsky attack, 3...Bd7"]
[ECO "B52"]
[NIC "SI.01"]
[Time "11:01:42"]
[PlyCount "127"]
[TimeControl "2400+10"]

1. e4 c5 2. Nf3 d6 3. Bb5+ Bd7 4. Bxd7+ Qxd7 5. O-O Nf6 6. Re1 Nc6 7. c3 e6
8. d4 cxd4 9. cxd4 d5 10. e5 Ne4 11. Nbd2 Nxd2 12. Bxd2 Be7 13. Be3 Rc8 14.
Rc1 O-O 15. Ng5 h6 16. Nh3 Na5 17. Qg4 Kh7 18. Nf4 Nc4 19. Rb1 Rc6 20. Nh5
Rg8 21. Qh3 Nxe3 22. Rxe3 Qc7 23. Rbe1 g6 24. Nf6+ Bxf6 25. exf6 Qf4 26. Rf3
Qxd4 27. g4 g5 28. Qh5 Rg6 29. h4 gxh4 30. Kh2 Qxg4 31. Qxg4 Rxg4 32. Kh3 h5
33. Re5 Kg6 34. Rfe3 Rc1 35. Kh2 Rc2 36. Re2 Rxe2 37. Rxe2 Kxf6 38. f3 Rg3
39. Re3 Kf5 40. Rb3 b6 41. Ra3 a5 42. Rb3 f6 43. Rxb6 Rxf3 44. Ra6 Rf2+ 45.
Kh3 Rxb2 46. Rxa5 Kg5 47. a4 Rb3+ 48. Kh2 Kf4 49. Ra6 Kf5 50. a5 Ra3 51. Ra8
e5 52. a6 d4 53. a7 h3 54. Kg1 Ra2 55. Kh1 d3 56. Rd8 Rxa7 57. Rxd3 Kg4 58.
Rd6 Ra1+ 59. Kh2 Ra2+ 60. Kh1 h2 61. Rd4+ Kf3 62. Rf4+ Ke2 63. Rf2+ Kxf2 64.
Kxh2 {White resigns} 0-1

[Event "ICC tourney 2978 (40 10)"]
[Site "Internet Chess Club"]
[Date "2022.08.06"]
[Round "1"]
[White "Walsh, Tim R:Telos53"]
[Black "Nguyen, Hoa Duc:leoman"]
[Result "0-1"]
[ICCResult "White resigns"]
[WhiteElo "1790"]
[BlackElo "2469"]
[Opening "Queen's pawn game"]
[ECO "D04"]
[NIC "QP.08"]
[Time "11:01:29"]
[PlyCount "128"]
[TimeControl "2400+10"]

1. d4 d5 2. Nf3 Nf6 3. e3 g6 4. Bd3 Bg7 5. O-O O-O 6. b3 c5 7. Bb2 cxd4 8.
exd4 Nc6 9. Nbd2 Nb4 10. Be2 Bf5 11. c3 Nd3 12. Bxd3 Bxd3 13. Re1 Re8 14.
Ne5 Bf5 15. Qf3 Ne4 16. Nxe4 dxe4 17. Qg3 Rc8 18. f3 Bxe5 19. Qxe5 exf3 20.
gxf3 f6 21. Qe3 b5 22. a4 Qd5 23. b4 a6 24. axb5 axb5 25. Ra7 Bd7 26. Kf2
Bc6 27. Qe6+ Qxe6 28. Rxe6 Kf7 29. Re1 Bd5 30. Rea1 Ke6 31. R1a3 Kf5 32. Bc1
g5 33. Bd2 h5 34. Ra1 e5 35. Rd7 Ke6 36. Rh7 exd4 37. Re1+ Kf5 38. Rxe8 Rxe8
39. cxd4 h4 40. Rc7 Bc4 41. Rc5+ Kg6 42. Be3 Ra8 43. d5 Ra2+ 44. Kg1 h3 45.
d6 Rg2+ 46. Kh1 Be2 47. Rc2 Bxf3 48. Rxg2 Bxg2+ 49. Kg1 Bc6 50. Kf2 f5 51.
Bc5 f4 52. Kg1 Kf5 53. Bb6 Ke4 54. Bc5 g4 55. Bf2 Kf3 56. Bc5 g3 57. Bb6 Ke2
58. Bd4 Bd7 59. Bc5 gxh2+ 60. Kxh2 f3 61. Kg1 f2+ 62. Bxf2 h2+ 63. Kxh2 Kxf2
64. Kh1 Kf3 {White resigns} 0-1

[Event "ICC tourney 2978 (40 10)"]
[Site "Internet Chess Club"]
[Date "2022.08.06"]
[Round "1"]
[White "IVANOV, ALEXANDER:marble"]
[Black "Guo, Anni:movingkid"]
[Result "1-0"]
[ICCResult "Black resigns"]
[WhiteElo "2339"]
[BlackElo "1759"]
[Opening "Sicilian"]
[ECO "B50"]
[NIC "SI.01"]
[Time "11:01:02"]
[PlyCount "104"]
[TimeControl "2400+10"]

1. e4 c5 2. Nf3 d6 3. c3 Nf6 4. Bd3 Nc6 5. Bc2 Bg4 6. d3 e5 7. Nbd2 a6 8. h3
Be6 9. Ng5 Be7 10. Nxe6 fxe6 11. O-O O-O 12. Nf3 h6 13. d4 exd4 14. cxd4 e5
15. dxc5 dxc5 16. Be3 Qxd1 17. Rfxd1 Rfd8 18. Bb3+ Kh7 19. Be6 Nd4 20. Bxd4
exd4 21. a4 a5 22. Ne5 Ra6 23. Bf5+ Kg8 24. Nc4 Kf7 25. Ra3 Nd7 26. Bxd7
Rxd7 27. Ne5+ Ke6 28. Nxd7 Kxd7 29. Rb3 Kc7 30. f4 Rb6 31. Rxb6 Kxb6 32. Kf1
Kc6 33. Ke2 b5 34. b3 Bd8 35. Kd3 Bb6 36. Rc1 Bc7 37. g3 Bd8 38. axb5+ Kxb5
39. Rc4 Be7 40. e5 Bf8 41. Ke4 Kc6 42. h4 Be7 43. Ra4 Bd8 44. g4 Kb5 45. g5
hxg5 46. hxg5 Kc6 47. g6 Bc7 48. f5 Bd8 49. f6 gxf6 50. g7 fxe5 51. g8=Q d3
52. Qd5+ Kb5 {Black resigns} 1-0

[Event "ICC tourney 2978 (40 10)"]
[Site "Internet Chess Club"]
[Date "2022.08.06"]
[Round "1"]
[White "Wang, Zachary:CupEnd"]
[Black "Turcotte, Jonathan:JonnyTurgi"]
[Result "1/2-1/2"]
[ICCResult "Game drawn because neither player has mating material"]
[WhiteElo "1623"]
[BlackElo "2000"]
[Opening "QGD semi-Slav"]
[ECO "D43"]
[NIC "SL.03"]
[Time "11:01:03"]
[PlyCount "145"]
[TimeControl "2400+10"]

1. d4 d5 2. c4 c6 3. Nc3 Nf6 4. Nf3 e6 5. Bg5 h6 6. Bh4 dxc4 7. e3 b5 8. Nd2
Be7 9. Bxf6 Bxf6 10. Be2 Bb7 11. O-O Nd7 12. Bf3 Qb6 13. a4 O-O 14. Nce4 Be7
15. Qc2 a6 16. Rab1 c5 17. Nxc5 Nxc5 18. dxc5 Bxc5 19. Bxb7 Qxb7 20. b3 c3
21. Qxc3 Rac8 22. Qd3 Rfd8 23. Qe4 Qxe4 24. Nxe4 Bb4 25. h3 f5 26. Ng3 Rc2
27. Rfc1 Rdd2 28. Rxc2 Rxc2 29. Kf1 Bc3 30. Ne2 Bf6 31. Nf4 Kf7 32. Nd3 Rc3
33. Ke2 e5 34. Nb4 a5 35. Nd5 Rc5 36. Nxf6 Kxf6 37. axb5 Rxb5 38. Ra1 Ke6
39. g4 g6 40. gxf5+ gxf5 41. Kf3 Kd5 42. Rg1 Rxb3 43. Rg6 a4 44. Rxh6 a3 45.
Ra6 Kc4 46. h4 Kc3 47. h5 Kb2 48. h6 Rb7 49. h7 Rxh7 50. Rb6+ Ka2 51. Ra6
Rb7 52. Ra5 Kb2 53. Rxe5 a2 54. Ra5 a1=Q 55. Rxa1 Kxa1 56. Kf4 Rf7 57. f3
Kb2 58. e4 fxe4+ 59. Kxe4 Kc3 60. f4 Kc4 61. Ke5 Re7+ 62. Kd6 Rf7 63. Ke5
Re7+ 64. Kd6 Re1 65. f5 Rf1 66. Ke6 Kc5 67. f6 Re1+ 68. Kd7 Rf1 69. Ke6 Kc6
70. f7 Re1+ 71. Kf6 Rf1+ 72. Kg7 Rxf7+ 73. Kxf7
{Game drawn because neither player has mating material}
1/2-1/2

[Event "ICC tourney 2978 (40 10)"]
[Site "Internet Chess Club"]
[Date "2022.08.06"]
[Round "2"]
[White "JIN, JERRY:MysteryHunter"]
[Black "CHINNI, RISHABH:alphachesplayer"]
[Result "0-1"]
[ICCResult "White checkmated"]
[WhiteElo "1572"]
[BlackElo "1694"]
[Opening "Ruy Lopez: Marshall counter-attack, 11...c6"]
[ECO "C89"]
[NIC "RL.17"]
[Time "13:15:25"]
[PlyCount "44"]
[TimeControl "2400+10"]

1. e4 e5 2. Nf3 Nc6 3. Bb5 a6 4. Ba4 Nf6 5. O-O Be7 6. Re1 b5 7. Bb3 O-O 8.
c3 d5 9. exd5 Nxd5 10. Nxe5 Nxe5 11. Rxe5 c6 12. d3 Bd6 13. Re1 Bf5 14. c4
Nb4 15. d4 Qh4 16. g3 Qh3 17. Qf3 bxc4 18. Ba4 Nd3 19. Rf1 Rae8 20. Nc3
Qxf1+ 21. Kxf1 Bh3+ 22. Kg1 Re1# {White checkmated} 0-1

[Event "ICC tourney 2978 (40 10)"]
[Site "Internet Chess Club"]
[Date "2022.08.06"]
[Round "2"]
[White "Jin, Xiaodong:SuperWJ"]
[Black "MARKOVIC, GORAN:Goran21"]
[Result "0-1"]
[ICCResult "White resigns"]
[WhiteElo "1592"]
[BlackElo "1940"]
[Opening "King's Indian: Andersson variation"]
[ECO "E92"]
[NIC "KI.18"]
[Time "13:15:19"]
[PlyCount "116"]
[TimeControl "2400+10"]

1. d4 Nf6 2. c4 g6 3. Nc3 Bg7 4. e4 d6 5. Nf3 O-O 6. Be2 e5 7. dxe5 dxe5 8.
Qxd8 Rxd8 9. Bg5 Re8 10. Nd5 Nxd5 11. cxd5 h6 12. Be3 c6 13. Bc4 cxd5 14.
Bxd5 Nc6 15. O-O-O Nb4 16. Bb3 a5 17. a3 Nc6 18. Ba4 Be6 19. Kb1 Rab8 20.
Bb6 Rec8 21. Rd6 Bf8 22. Rd2 f5 23. exf5 gxf5 24. Rhd1 e4 25. Nd4 Nxd4 26.
Rxd4 Bc5 27. Bxc5 Rxc5 28. Rd6 Kf7 29. Bd7 Bb3 30. Rc1 Rxc1+ 31. Kxc1 Ke7
32. Rb6 Kxd7 33. Rxb3 b5 34. Kd2 Ke6 35. Rh3 Rh8 36. Rb3 Rg8 37. g3 Rb8 38.
Rc3 b4 39. Rc6+ Kd5 40. Rxh6 bxa3 41. bxa3 Rb2+ 42. Ke3 Rb3+ 43. Kf4 Rf3+
44. Kg5 Rxf2 45. Ra6 e3 46. Rxa5+ Kd4 47. Ra8 e2 48. Re8 Kd3 49. Rxe2 Rxe2
50. Kxf5 Rxh2 51. g4 Rf2+ 52. Kg6 Ke4 53. g5 Ra2 54. Kh7 Kf5 55. g6 Rh2+ 56.
Kg7 Rg2 57. a4 Rxg6+ 58. Kf7 Ra6 {White resigns} 0-1

[Event "ICC tourney 2978 (40 10)"]
[Site "Internet Chess Club"]
[Date "2022.08.06"]
[Round "2"]
[White "FILIPOVICH, DAVID MICHAEL:dmfcan"]
[Black "Wang, Zachary:CupEnd"]
[Result "1-0"]
[ICCResult "Black resigns"]
[WhiteElo "2050"]
[BlackElo "1623"]
[Opening "Neo-Grünfeld, 6.O-O, main line"]
[ECO "D79"]
[NIC "GI.02"]
[Time "13:15:17"]
[PlyCount "111"]
[TimeControl "2400+10"]

1. Nf3 d5 2. g3 g6 3. Bg2 Bg7 4. d4 Nf6 5. O-O O-O 6. c4 c6 7. cxd5 cxd5 8.
Nc3 Nc6 9. Ne5 Bf5 10. Nxc6 bxc6 11. Bf4 Nh5 12. Be3 Qd7 13. Na4 Bh3 14. Nc5
Qc8 15. Rc1 Bxg2 16. Kxg2 e5 17. dxe5 Bxe5 18. Bd4 Bg7 19. Bxg7 Nxg7 20. Qa4
Nf5 21. Nd3 Ne7 22. Rc2 Qd7 23. Ne5 Qe6 24. Nxc6 Nxc6 25. Qxc6 Qxc6 26. Rxc6
Rac8 27. Rfc1 Rxc6 28. Rxc6 Rb8 29. b3 Rb4 30. Rc5 Rd4 31. Ra5 Rd2 32. Kf3
d4 33. Rxa7 d3 34. exd3 Rxd3+ 35. Ke2 Rd5 36. a4 Rh5 37. h4 Rc5 38. b4 Rc4
39. Rb7 Kg7 40. a5 Rc2+ 41. Ke3 Ra2 42. Rb6 Kf8 43. a6 Ke8 44. b5 Kd8 45.
Rb7 Kc8 46. Rxf7 Ra5 47. Rxh7 Rxb5 48. a7 Ra5 49. a8=Q+ Rxa8 50. Rh8+ Kb7
51. Rxa8 Kxa8 52. Kf4 Kb7 53. Kg5 Kc7 54. Kxg6 Kd7 55. h5 Ke7 56. Kg7
{Black resigns}
1-0

[Event "ICC tourney 2978 (40 10)"]
[Site "Internet Chess Club"]
[Date "2022.08.06"]
[Round "2"]
[White "Turcotte, Jonathan:JonnyTurgi"]
[Black "RAMASWAMY, PUDUR:clair"]
[Result "1-0"]
[ICCResult "Black resigns"]
[WhiteElo "2000"]
[BlackElo "1603"]
[Opening "Robatsch (modern) defense"]
[ECO "A40"]
[NIC "KF.05"]
[Time "13:15:22"]
[PlyCount "69"]
[TimeControl "2400+10"]

1. d4 g6 2. e4 Bg7 3. c4 e6 4. Nc3 Ne7 5. f4 d5 6. Nf3 dxe4 7. Nxe4 Nbc6 8.
Be3 Nf5 9. Bf2 Nfxd4 10. Nxd4 Nxd4 11. Qd2 O-O 12. O-O-O Nc6 13. Qc2 Qe7 14.
Bc5 Qh4 15. g3 Qg4 16. Bxf8 Kxf8 17. Be2 Qf5 18. Bd3 Qa5 19. Kb1 b6 20. Ng5
Bb7 21. Be4 h6 22. Nxe6+ fxe6 23. a3 Rd8 24. Bxc6 Rxd1+ 25. Rxd1 Bxc6 26.
Qxg6 Qf5+ 27. Qxf5+ exf5 28. Rd8+ Ke7 29. Rg8 Be4+ 30. Kc1 Kf7 31. Rc8 a5
32. Rxc7+ Kf8 33. Rd7 Bf6 34. Rd6 Bd4 35. Rxd4 {Black resigns} 1-0

[Event "ICC tourney 2978 (40 10)"]
[Site "Internet Chess Club"]
[Date "2022.08.06"]
[Round "2"]
[White "QI, JENNY:eevee11"]
[Black "IVANOV, ALEXANDER:marble"]
[Result "0-1"]
[ICCResult "White checkmated"]
[WhiteElo "1425"]
[BlackElo "2339"]
[Opening "Robatsch (modern) defense"]
[ECO "B06"]
[NIC "KF.05"]
[Time "13:15:13"]
[PlyCount "68"]
[TimeControl "2400+10"]

1. e4 g6 2. d4 Bg7 3. Nf3 d6 4. Be3 c6 5. Nc3 Qb6 6. Qc1 Nf6 7. h3 O-O 8.
Be2 Nbd7 9. O-O Qc7 10. Bh6 b5 11. Bxg7 Kxg7 12. a3 e5 13. d5 a6 14. Qd2 Nc5
15. Bd3 cxd5 16. b4 Ncxe4 17. Bxe4 dxe4 18. Nh2 Bb7 19. Ne2 Rac8 20. c3 Nd5
21. Rac1 f5 22. Rfd1 f4 23. f3 Ne3 24. Re1 exf3 25. gxf3 Qd7 26. Nf1 Bxf3
27. Nxe3 fxe3 28. Qxe3 Qxh3 29. Qg5 Rc4 30. Kf2 Bg2+ 31. Nf4 Rcxf4+ 32. Ke2
Rf2+ 33. Kd1 Qd3+ 34. Qd2 Rxd2# {White checkmated} 0-1

[Event "ICC tourney 2978 (40 10)"]
[Site "Internet Chess Club"]
[Date "2022.08.06"]
[Round "2"]
[White "RAMANATHAN, SURAJ:Suraj240704"]
[Black "SRIPADA, HAVISH:brilliantnessme"]
[Result "1/2-1/2"]
[ICCResult "Game drawn by mutual agreement"]
[WhiteElo "2149"]
[BlackElo "1945"]
[Opening "QGD: Tartakower (Makagonov-Bondarevsky) system, 8.cd Nxd5"]
[ECO "D59"]
[NIC "QO.10"]
[Time "13:15:23"]
[PlyCount "76"]
[TimeControl "2400+10"]

1. d4 d5 2. c4 e6 3. Nc3 Be7 4. Nf3 Nf6 5. Bg5 h6 6. Bh4 O-O 7. e3 b6 8.
cxd5 Nxd5 9. Bxe7 Qxe7 10. Nxd5 exd5 11. Qb3 Be6 12. Rc1 c5 13. Qa3 Rc8 14.
Bd3 Qf8 15. dxc5 bxc5 16. O-O Nd7 17. b3 a5 18. Bb5 Nb6 19. Rfd1 Bg4 20. Be2
a4 21. bxa4 Rxa4 22. Qb3 Rb4 23. Qc2 Bxf3 24. Bxf3 d4 25. Qe2 dxe3 26. Qxe3
c4 27. Rc2 Qc5 28. Rdc1 c3 29. h3 Na4 30. Qd3 Qc4 31. Qf5 Rb5 32. Qd7 Qc5
33. Bd5 Rf8 34. Bb3 Nb6 35. Qd3 Nd5 36. Bxd5 Qxd5 37. Qxc3 Ra8 38. Ra1 Rba5
{Game drawn by mutual agreement}
1/2-1/2

[Event "ICC tourney 2978 (40 10)"]
[Site "Internet Chess Club"]
[Date "2022.08.06"]
[Round "2"]
[White "Nguyen, Hoa Duc:leoman"]
[Black "HO, CARTER:corviknight"]
[Result "1-0"]
[ICCResult "Black resigns"]
[WhiteElo "2469"]
[BlackElo "2012"]
[Opening "Catalan opening"]
[ECO "E00"]
[NIC "CA.01"]
[Time "13:15:18"]
[PlyCount "73"]
[TimeControl "2400+10"]

1. d4 Nf6 2. c4 e6 3. g3 d5 4. Nf3 Bb4+ 5. Nbd2 dxc4 6. Qc2 b5 7. a4 c6 8.
Bg2 Bb7 9. O-O O-O 10. e4 a6 11. e5 Nfd7 12. Ne4 Re8 13. h4 Be7 14. Bg5 h6
15. Bxe7 Rxe7 16. Nd6 Qc7 17. Nd2 Nb6 18. N2e4 N8d7 19. f4 Nd5 20. Qf2 f5
21. Nc5 Nxc5 22. dxc5 Rc8 23. h5 Ba8 24. Kh2 Rf8 25. Qd4 Qb8 26. Bf3 Rd7 27.
Rf2 Kh7 28. Rg2 Rg8 29. g4 Qd8 30. Kh3 fxg4+ 31. Rxg4 Qf8 32. Rag1 Ne7 33.
Be4+ Kh8 34. Bg6 Nc8 35. Bc2 Qe8 36. Qe4 Qxh5+ 37. Rh4 {Black resigns} 1-0

[Event "ICC tourney 2978 (40 10)"]
[Site "Internet Chess Club"]
[Date "2022.08.06"]
[Round "2"]
[White "SHOLL, CRAIG H:craigsholl66"]
[Black "Walsh, Tim R:Telos53"]
[Result "0-1"]
[ICCResult "White resigns"]
[WhiteElo "1644"]
[BlackElo "1790"]
[Opening "Caro-Kann defense"]
[ECO "B10"]
[NIC "CK.01"]
[Time "13:15:21"]
[PlyCount "77"]
[TimeControl "2400+10"]

1. e4 c6 2. e5 d5 3. exd6 exd6 4. Nf3 Bg4 5. Be2 Nf6 6. O-O Be7 7. d4 O-O 8.
c4 d5 9. c5 b6 10. cxb6 axb6 11. Bg5 Re8 12. Nc3 Nbd7 13. Rc1 Ne4 14. Be3
Nxc3 15. Rxc3 Rxa2 16. Qb3 Qa8 17. h3 Be6 18. Rfc1 c5 19. Qb5 Ra5 20. Qb3 c4
21. Qd1 Bb4 22. R3c2 Bf5 23. Ne5 Nxe5 24. dxe5 Bxc2 25. Qxc2 Bc5 26. Bf4 Ra1
27. Rxa1 Qxa1+ 28. Kh2 Bxf2 29. Bd1 Bc5 30. Qd2 d4 31. Bh5 d3 32. Kg3 Qa5
33. Qd1 Bd4 34. Qf3 Qe1+ 35. Kg4 Qe2 36. Kf5 g6+ 37. Bxg6 hxg6+ 38. Kg5 Qxf3
39. gxf3 {White resigns} 0-1

[Event "ICC tourney 2978 (40 10)"]
[Site "Internet Chess Club"]
[Date "2022.08.06"]
[Round "2"]
[White "Vittal, Sanjana:MCTS13"]
[Black "LENDERMAN, ALEKSANDR:manest"]
[Result "0-1"]
[ICCResult "White checkmated"]
[WhiteElo "1945"]
[BlackElo "2521"]
[Opening "Sicilian: closed, 2...Nc6"]
[ECO "B23"]
[NIC "SI.44"]
[Time "13:23:20"]
[PlyCount "112"]
[TimeControl "2400+10"]

1. e4 c5 2. Nc3 Nc6 3. Bb5 Nd4 4. Nf3 g6 5. Bc4 Bg7 6. Nxd4 cxd4 7. Qf3 Nh6
8. d3 O-O 9. Ne2 Ng4 10. Bb3 d6 11. Qg3 Nf6 12. O-O Nd7 13. f4 Nc5 14. f5
Nxb3 15. axb3 d5 16. fxg6 hxg6 17. exd5 Qxd5 18. Bg5 Qc5 19. Rf2 f6 20. Bd2
Qxc2 21. Nf4 g5 22. Nh5 Qc5 23. Nxg7 Kxg7 24. Ra5 b5 25. h4 g4 26. b4 Qd5
27. Qc7 Bd7 28. Rxa7 Rxa7 29. Qxa7 Rh8 30. Rf4 e5 31. Rxg4+ Kf7 32. Rg3 Rxh4
33. Qb8 Rg4 34. Rxg4 Bxg4 35. Qc7+ Kg6 36. Qe7 Bf5 37. Qe8+ Kg7 38. Qe7+ Qf7
39. Qc5 Bxd3 40. Qc1 Be4 41. Bh6+ Kh7 42. Bd2 Qg7 43. Qf1 Qg4 44. Qf2 Kg6
45. Kh2 f5 46. Qg3 Qxg3+ 47. Kxg3 f4+ 48. Kf2 Kf5 49. g3 f3 50. Bh6 Bd5 51.
Bg7 Ke4 52. g4 Be6 53. g5 d3 54. Ke1 Ke3 55. Bf8 d2+ 56. Kd1 Bb3#
{White checkmated}
0-1

[Event "ICC tourney 2978 (40 10)"]
[Site "Internet Chess Club"]
[Date "2022.08.06"]
[Round "2"]
[White "HE, JUSTIN SHANDONG:HeJustin"]
[Black "WANG, TED:tedwpnw"]
[Result "0-1"]
[ICCResult "White resigns"]
[WhiteElo "1329"]
[BlackElo "1908"]
[Opening "Sicilian: closed"]
[ECO "B24"]
[NIC "SI.44"]
[Time "13:15:26"]
[PlyCount "118"]
[TimeControl "2400+10"]

1. e4 c5 2. Nc3 Nc6 3. g3 e6 4. Bg2 Nf6 5. d3 Be7 6. Nge2 O-O 7. O-O a6 8.
f4 d5 9. e5 Nd7 10. Kh1 b5 11. d4 cxd4 12. Nxd4 Nxd4 13. Qxd4 Bc5 14. Qd3
Nb6 15. b3 b4 16. Ne2 a5 17. Be3 Ba6 18. Qd2 Rc8 19. Bxc5 Rxc5 20. Rfd1 Bxe2
21. Qxe2 Qc7 22. Rd2 Rc8 23. Rc1 Qa7 24. g4 a4 25. f5 axb3 26. axb3 Qa3 27.
Rf1 Nd7 28. f6 Qb2 29. fxg7 Qxe5 30. Qf2 Qxg7 31. Qf4 Rxc2 32. Rxc2 Rxc2 33.
Qxb4 h5 34. g5 Ne5 35. h4 Ng4 36. Qb8+ Kh7 37. Qa7 Kg8 38. Qb8+ Qf8 39. Qf4
Qe7 40. Qf3 Qa7 41. g6 Nf2+ 42. Kg1 Ng4+ 43. Kh1 f5 44. Re1 Qc7 45. Kg1 Qh2+
46. Kf1 Rf2+ 47. Qxf2 Nxf2 48. Kxf2 Qxh4+ 49. Kf1 Qf6 50. b4 Qxg6 51. b5 Qe8
52. Rb1 Qb8 53. b6 Qb7 54. Bf3 h4 55. Kg2 e5 56. Kh3 e4 57. Be2 d4 58. Ba6
Qxa6 59. b7 Qd3+ {White resigns} 0-1